 Dungeon Crawl Stone Soup version 0.23.2-30-g0e89c35649 (webtiles) character file.

Game seed: 14625979577207868946

478 stiffed the Ruffian (level 6, -4/55 HPs)
             Began as a Troll Wizard on June 11, 2019.
             Slain by an ogre
             ... wielding a +0 giant club
              (9 damage)
             ... on level 4 of the Dungeon.
             The game lasted 00:08:08 (3353 turns).

stiffed the Ruffian (Troll Wizard)                  Turns: 3353, Time: 00:08:09

Health: -4/55      AC:  7    Str: 16    XL:     6   Next: 86%
Magic:  9/9        EV:  9    Int: 16    God:
Gold:   118        SH:  0    Dex:  8    Spells: 4/10 levels left

rFire    + . .     SeeInvis .     - Unarmed
rCold    + . .     Gourm    +   (no shield)
rNeg     . . .     Faith    .   a - +0 robe
rPois    .         Spirit   .   b - +1 hat
rElec    .         Reflect  .   i - scarf {rC+ rF+}
rCorr    .         Harm     .   (gloves unavailable)
MR       .....                  (boots unavailable)
Stlth    +.........             h - amulet of rage
HPRegen  0.58/turn              g - ring of wizardry
MPRegen  0.11/turn              (no ring)

@: lethally poisoned (-4 -> -5), drained
A: large, unfitting armour, claws 3, fast metabolism 3, gourmand, regeneration
1, shaggy fur 1, tough skin 3
a: Evoke Berserk Rage


You were on level 4 of the Dungeon.
You were completely stuffed.

You visited 1 branch of the dungeon, and saw 4 of its levels.

You collected 118 gold pieces.

Inventory:

Armour
 a - a +0 robe (worn)
 b - a +1 hat (worn)
 i - a scarf of resistance (worn)
Jewellery
 g - a ring of wizardry (left claw)
 h - an amulet of rage (around neck)
Scrolls
 c - 2 scrolls of teleportation
 e - a scroll of identify
 n - a scroll of remove curse
 o - 2 scrolls of fear
Potions
 f - 6 potions of curing
 j - 2 potions of lignification
 l - a potion of haste
 m - 2 potions of cancellation
 r - a potion of resistance
 s - 2 potions of agility
Comestibles
 d - 6 rations
 k - 3 chunks of flesh


   Skills:
 + Level 1.2(0.3) Fighting
 - Level 1.5(0.6) Dodging
 - Level 1.0(0.1) Stealth
 + Level 4.2(3.2) Unarmed Combat
 * Level 2.8(1.9) Spellcasting
 * Level 1.7(0.8) Conjurations
 * Level 1.6(0.7) Summonings
 * Level 1.8(0.9) Translocations
 * Level 0.2(0.0) Transmutations


You had 4 spell levels left.
You knew the following spells:

 Your Spells              Type           Power        Failure   Level  Hunger
a - Magic Dart            Conj           #...         6%          1    #......
b - Blink                 Tloc           N/A          9%          2    ###....
c - Call Imp              Summ           #.......     10%         2    ###....
d - Beastly Appendage     Tmut           #.....       9%          1    #......

Your spell library contained the following spells:

 Spells                   Type           Power        Failure   Level  Hunger
 Summon Butterflies       Summ           #.......     6%          1    #......
 Slow                     Hex            #.......     13%         2    ###....
 Conjure Flame            Conj/Fire      #.......     21%         3    ###....
 Summon Guardian Golem    Hex/Summ       #.......     21%         3    ###....
 Mephitic Cloud           Conj/Pois/Air  #.......     22%         3    ###....
 Ice Form                 Ice/Tmut       #.......     61%         4    #####..
 Aura of Abjuration       Summ           #.........   83%         5    ######.
 Hydra Form               Tmut           #.........   100%        6    #######


Dungeon Overview and Level Annotations

Branches:
Dungeon (4/15)             Temple (0/1) D:4

Altars:
Ru


Innate Abilities, Weirdness & Mutations

You are too large for most types of armour.
You have claws for hands.
Your metabolism is lightning-fast.
You like to eat raw meat.
Your natural rate of healing is unusually fast.
You are covered in fur. (AC +1)
You have extremely tough skin. (AC +3)


Message History

The worker ant is heavily wounded.
You feel sick. The ogre closely misses you. The worker ant closely misses you.
You scratch the worker ant.
The worker ant is severely wounded.
You feel sick. The worker ant closely misses you.
You closely miss the worker ant.
The worker ant is severely wounded.
The ogre hits you with a +0 giant club!!
The worker ant bites you but does no damage.
You are too injured to fight recklessly!
You are too injured to fight recklessly!
You are too injured to fight recklessly!
You are too injured to fight recklessly!
You are too injured to fight recklessly!
You claw the worker ant!
You kill the worker ant!
You feel sick. The ogre hits you with a +0 giant club!
* * * LOW HITPOINT WARNING * * *
You feel sick. The ogre hits you with a +0 giant club!
You die...

#.........#.#..
#.........♣.♣.♣.
#######.........
#.....#..♣#♣.♣.
#.....#......#
#.....#....♣.♣.
#.....#........
#.........)....
#.....@O....###
..........####
.......$..#
......###>.'
...... ###.
#♣#... # ....
♣...


You could see an ogre.

Vanquished Creatures
  An ogre (D:3)
  A scorpion (D:4)
  A hound (D:4)
  An orc wizard (D:3)
  A worker ant (D:4)
  Robin (D:2)
  9 adders
  4 oozes
  An adder zombie (D:1)
  6 worms
  7 dart slugs
  3 leopard geckos
  14 orcs
  4 bats
  A bat zombie (D:1)
  3 giant cockroaches
  19 goblins
  15 hobgoblins
  3 quokkas
  6 ball pythons
  11 frilled lizards
  3 kobolds
  4 rats
119 creatures vanquished.

Vanquished Creatures (others)
  2 plants (D:4)
2 creatures vanquished.

Grand Total: 121 creatures vanquished

Notes
Turn   | Place    | Note
-------+----------+-------------------------------------------
     0 | D:1      | stiffed the Troll Wizard began the quest for the Orb.
     0 | D:1      | Reached XP level 1. HP: 16/16 MP: 2/2
    98 | D:1      | Reached XP level 2. HP: 22/24 MP: 4/4
   105 | D:1      | Learned a level 2 spell: Blink
   108 | D:1      | Learned a level 2 spell: Call Imp
   532 | D:1      | Reached XP level 3. HP: 31/31 MP: 5/5
   568 | D:1      | Reached skill level 1 in Conjurations
  1008 | D:2      | Reached skill level 1 in Unarmed Combat
  1113 | D:2      | Reached XP level 4. HP: 34/39 MP: 6/6
  1203 | D:2      | Reached skill level 1 in Translocations
  1374 | D:2      | Noticed Robin
  1424 | D:2      | Reached skill level 1 in Summonings
  1507 | D:2      | Killed Robin
  1507 | D:2      | Reached skill level 2 in Unarmed Combat
  2007 | D:3      | Reached XP level 5. HP: 46/46 MP: 8/8
  2143 | D:3      | Noticed an ogre
  2164 | D:3      | Killed an ogre
  2164 | D:3      | Reached skill level 3 in Unarmed Combat
  2226 | D:3      | Reached skill level 1 in Fighting
  2250 | D:3      | Identified the Collected Works on the Entourage and
                  | Moulding
  2257 | D:3      | Learned a level 1 spell: Beastly Appendage
  2411 | D:3      | Found a sacrificial altar of Ru.
  2420 | D:3      | Reached XP level 6. HP: 51/55 MP: 9/9
  3221 | D:4      | Found a staircase to the Ecumenical Temple.
  3249 | D:4      | Reached skill level 4 in Unarmed Combat
  3353 | D:4      | Slain by an ogre

Skill      XL: |  1  2  3  4  5  6 |
---------------+-------------------+-----
Conjurations   | 1 |  1.7
Unarmed Combat | 1 2 3 4 |  4.2
Translocations | 1 |  1.8
Summonings     | 1 |  1.6
Fighting       | 1 |  1.2
Dodging        | |  1.5
Stealth        | |  1.0
Spellcasting   | |  2.8
Transmutations | |  0.2

Action                   |  1- 3 |  4- 6 || total
-------------------------+-------+-------++-------
Melee: Unarmed           |   123 |   309 ||   432
       Punch             |       |     3 ||     3
 Cast: Call Imp          |       |     1 ||     1
  Use: Scroll            |       |    14 ||    14
 Stab: Sleeping          |     1 |     1 ||     2
  Eat: Chunk             |    16 |    21 ||    37
Armor: Robe              |    61 |   121 ||   182
Dodge: Dodged            |    51 |   138 ||   189
